 Dungeon Crawl Stone Soup version 0.30-a0-553-g7fabdf1491 (webtiles) character file.

Game seed: 15359357065394439528

26 Darkkill the Shooter (level 2, 0/26 HPs)
             Began as a Minotaur Hunter on Dec 27, 2022.
             Slain by a scorpion (5 damage)
             ... on level 2 of the Dungeon.
             The game lasted 00:00:51 (963 turns).

Darkkill the Shooter (Minotaur Hunter)               Turns: 963, Time: 00:00:52

Health: 0/26       AC:  3    Str: 15    XL:     2   Next: 89%
Magic:  1/1        EV: 12    Int:  6    God:
Gold:   79         SH:  0    Dex: 13    Spells: 1/1 levels left

rFire   . . .      SeeInvis .    a - +0 shortbow
rCold   . . .      Faith    .    (shield currently unavailable)
rNeg    . . .      Spirit   .    c - +0 leather armour
rPois   .          Reflect  .    (helmet restricted)
rElec   .          Harm     .    (no cloak)
rCorr   .          Rampage  .    (no gloves)
Will    .....                    (no boots)
Stlth   +                        (no amulet)
HPRegen 0.24/turn                (no ring)
MPRegen 0.07/turn                (no ring)

@: lethally poisoned (0 -> -5)
A: horns 2, retaliatory headbutt
a: no special abilities


You were on level 2 of the Dungeon.
You visited 1 branch of the dungeon, and saw 2 of its levels.

You collected 79 gold pieces.

Inventory:

Hand Weapons
 a - a +0 shortbow (weapon)
Missiles
 d - 8 stones
Armour
 c - a +0 leather armour (worn)
Scrolls
 b - a scroll of immolation
Potions
 e - a potion of degeneration {unknown}
 f - a potion of might


   Skills:
 + Level 3.0 Fighting
 + Level 4.6 Ranged Weapons
 + Level 2.6 Dodging
 + Level 1.3 Stealth


You had one spell level left.
You didn't know any spells.
Your spell library contained the following spells:

 Spells                   Type           Power      Damage    Failure   Level
 Blink                    Tloc           0%         N/A       67%         2
 Momentum Strike          Conj/Tloc      0%         3d8       67%         2
 Lesser Beckoning         Tloc           0%         N/A       88%         3


Dungeon Overview and Level Annotations

Branches:
Dungeon (2/15)

Altars:

Annotations:
D:1 2 transporters


Innate Abilities, Weirdness & Mutations

You have a pair of horns on your head.
You reflexively headbutt those who attack you in melee.


Message History

You see here a +0 mace.
You now have 69 gold pieces (gained 11).
You see here a +0 short sword.
Partly explored, unvisited transporter.
No target in view!
Partly explored, unvisited transporter.
Partly explored, unvisited transporter.
No target in view!
Partly explored, unvisited transporter.
No target in view!
As you read the scroll labelled CIEL KEUGISE, it crumbles to dust.
It is a scroll of identify.
f - a potion of might
As you read the scroll of identify {@r1}, it crumbles to dust.
g - a potion of curing
As you read the scroll labelled PUTAONI ZYRI, it crumbles to dust.
A profound silence engulfs you.
It was a scroll of silence.
Magic scrolls do not work when you're silenced!
Why would you want to do that?
You start waiting.
Your hearing returns.
The air fills with toxic fumes!
As you read the scroll labelled YSUVUA TA GUYK, it crumbles to dust.
It was a scroll of poison.
You drop a ring of resist corrosion.
You start waiting.
Done waiting.
There is an escape hatch in the floor here.
There is a transporter here.
There is an escape hatch in the floor here.
You slide downwards.
The hatch slams shut behind you.
Found a stone staircase leading down.
There is a stone staircase leading down here.
A hobgoblin comes into view.
Found 10 gold pieces.
The hobgoblin shouts!
You shoot an arrow. The arrow hits the hobgoblin.
The hobgoblin is moderately wounded.
A hobgoblin is nearby!
You shoot an arrow. The arrow barely misses the hobgoblin.
A hobgoblin is nearby!
You shoot an arrow. The arrow hits the hobgoblin.
The hobgoblin is severely wounded.
A hobgoblin is nearby!
You shoot an arrow. The arrow barely misses the hobgoblin.
A hobgoblin is nearby!
You shoot an arrow. The arrow closely misses the hobgoblin.
The hobgoblin hits you.
You shoot an arrow.
The arrow hits the hobgoblin but does no damage.
The hobgoblin is severely wounded.
The hobgoblin hits you but does no damage.
The hobgoblin misses you.
A hobgoblin is nearby!
A hobgoblin is nearby!
You shoot an arrow. The arrow closely misses the hobgoblin.
The hobgoblin barely misses you. You furiously retaliate!
You headbutt the hobgoblin!
You kill the hobgoblin!
Your Fighting skill increases to level 3!
No target in view!
HP restored.
You see here a hobgoblin corpse.
You now have 79 gold pieces (gained 10).
Found a leather armour.
No target in view!
h - a scroll labelled IRU XATUEWK No target in view!
As you read the scroll labelled IRU XATUEWK, it crumbles to dust.
You feel strangely unstable.
It was a scroll of teleportation.
You see here a +0 leather armour.
Your surroundings suddenly seem different.
An endoplasm, a giant cockroach and a scorpion come into view.
Found a scroll of identify.
The scorpion stings you.
You shoot an arrow.
The arrow hits the scorpion but does no damage.
The endoplasm quivers.
The scorpion closely misses you. The scorpion stings you.
You are poisoned.
The scorpion poisons you!
You are too injured to fight recklessly!
There are monsters nearby!
You are too injured to fight recklessly!
There are monsters nearby!
You shoot an arrow. The arrow hits the scorpion!
The scorpion is moderately wounded.
You feel very sick. The scorpion barely misses you.
A dart slug comes into view.
You feel better. The scorpion barely misses you. The endoplasm freezes you.
You are frozen.
The scorpion stings you!
You are poisoned.
The scorpion poisons you!
You shoot an arrow. The arrow barely misses the scorpion.
You feel sick. The endoplasm freezes you.
You are frozen.
* * * LOW HITPOINT WARNING * * *
The scorpion stings you.
You die...

### ### ..
... .. ...
.#... . #
##.#.##..
##.##........
#...JsB......
#@?...#
#........
..#####w.
##.# ..# #.#
#.# #..


You could see a scorpion, a dart slug, an endoplasm and a giant cockroach.

Vanquished Creatures
  A gnoll (D:1)
  A giant cockroach (D:1)
  2 goblins (D:1)
  4 hobgoblins
  A quokka (D:1)
  3 bats (D:1)
  3 kobolds (D:1)
  A rat (D:1)
16 creatures vanquished.

Notes
Turn   | Place    | Note
-------+----------+-------------------------------------------
     0 | D:1      | Darkkill the Minotaur Hunter began the quest for the Orb.
     0 | D:1      | Reached XP level 1. HP: 18/18 MP: 0/0
    75 | D:1      | Reached skill level 1 in Stealth
   382 | D:1      | Reached XP level 2. HP: 25/25 MP: 1/1
   959 | D:2      | Noticed a scorpion
   963 | D:2      | HP: 5/26 [frozen (3)]
   963 | D:2      | Slain by a scorpion

Illustrated notes

Levels and vault maps discovered:
D:1:      spicycebolla_arrival_transporter_tutorial, layout_basic
D:2:      layout_loops_ring, grunt_decor_junction

Skill      XL: |  1  2 |
---------------+-------+-----
Stealth        | 1 |  1.3
Fighting       | 3 |  3.0
Ranged Weapons | |  4.6
Dodging        | |  2.6

Action                   || total
-------------------------++-------
 Fire: Shortbow          ||    39
  Use: Scroll            ||     6
       Potion            ||     1
Armor: Leather armour    ||     3
Dodge: Dodged            ||    14

Table legend: (Time is in decaauts)
 A = Elapsed time spent in this place.
 B = Non-inter-level travel time spent in this place.
 C = Inter-level travel time spent in this place.
 D = Time resting spent in this place.
 E = Time spent auto-exploring this place.
 F = Levels seen in this place.
 G = Mean time per level.
                   A        B        C        D        E       F      G
               +--------+--------+--------+--------+--------+-----+--------+
         Total |    975 |    973 |      2 |    130 |    749 |   2 |  487.5 |
       Dungeon |    975 |    973 |      2 |    130 |    749 |   2 |  487.5 |
               +--------+--------+--------+--------+--------+-----+--------+

Top non-repeatable levels by time:
     D:1: 917 daAuts
     D:2: 57 daAuts

Table legend:
 A = Kills in this place as a percentage of kills in entire the game.
 B = Kills by you in this place as a percentage of kills by you in the entire game.
 C = Kills by friends in this place as a percentage of kills by friends in the entire game.
 D = Other kills in this place as a percentage of other kills in the entire game.
 E = Experience gained in this place as a percentage of experience gained in the entire game.
 F = Experience gained in this place divided by the number of levels of this place that you have seen.
                   A       B       C       D       E      F
               +-------+-------+-------+-------+-------+----------------------
         Total | 100.0 | 100.0 |   N/A |   N/A | 100.0 |  19.0
       Dungeon | 100.0 | 100.0 |   N/A |   N/A | 100.0 |  19.0
               +-------+-------+-------+-------+-------+----------------------
